 Dungeon Crawl Stone Soup version 0.18-a0-382-gd7addec (webtiles) character file.

13064 Schwarzlicht the Basher (level 11, -3/105 HPs)
             Began as a Minotaur Berserker on Feb 19, 2015.
             Was an Elder of Trog.
             Slain by Rupert
             ... wielding a +4 great mace of holy wrath
              (9 damage)
             ... on level 3 of the Lair of Beasts on Apr 30, 2017.
             The game lasted 01:57:26 (12141 turns).

Schwarzlicht the Basher (Minotaur Berserker)       Turns: 12141, Time: 01:57:26

Health: -3/105     AC: 13    Str: 23    XL:     11   Next: 70%
Magic:  3/3        EV: 11    Int:  4    God:    Trog [****..]
Gold:   598        SH:  0    Dex: 12    Spells: 0 memorised, 10 levels left

rFire  + . .     SeeInvis .     k - +2 dire flail (antimagic)
rCold  . . .     Clarity  .     e - +1 chain mail
rNeg   . . .     SustAt   .     (shield currently unavailable)
rPois  .         Gourm    .     q - +1 hat
rElec  .         Spirit   .     (no cloak)
rCorr  .         Warding  .     (no gloves)
rMut   .         Stasis   .     (no boots)
MR     .....                    (no amulet)
Stlth  ..........               w - ring of protection from fire
                                (no ring)

@: not resistant to hostile enchantments, extremely unstealthy
A: retaliatory headbutt, horns 2
a: Berserk, Trog's Hand, Brothers in Arms, Burn Spellbooks, Renounce Religion


You were on level 3 of the Lair of Beasts.
You worshipped Trog.
Trog was greatly pleased with you.
You were full.

You visited 3 branches of the dungeon, and saw 14 of its levels.

You collected 598 gold pieces.

Inventory:

Hand Weapons
 k - a +2 antimagic dire flail (weapon)
 u - a +1 great mace
 B - a cursed -3 shortbow
Missiles
 l - 29 sling bullets
Armour
 e - a +1 chain mail (worn)
 q - a +1 hat (worn)
Jewellery
 p - an uncursed ring of sustain attributes
 w - a ring of protection from fire (right hand)
 y - the amulet of the Four Winds {Clar rN+ MR+++}
   (You found it on level 2 of the Lair of Beasts)

   [amulet of clarity]

   It provides mental clarity.
   It protects you from negative energy.
   It affects your resistance to hostile enchantments.
 A - the ring "Tasufr Didu" {rC+ MR- Str+3 Dex+4 SInv, unknown}
   (You found it on level 2 of the Lair of Beasts)

   [ring of strength]

   It affects your strength (+3).
   It affects your dexterity (+4).
   It protects you from cold.
   It affects your resistance to hostile enchantments.
   It lets you see invisible.
Wands
 h - a wand of hasting (2)
 i - a wand of teleportation (2)
 m - a wand of random effects (20)
 r - a wand of confusion (31)
 s - a wand of enslavement (18)
 x - a wand of frost (13)
 z - a wand of fire (13)
 F - a wand of paralysis (9)
Scrolls
 a - 2 scrolls of remove curse
 c - 3 scrolls of teleportation
 d - a scroll of noise
 f - 5 scrolls of identify
 g - 2 scrolls of fog
 j - 2 scrolls of blinking
 t - 2 scrolls of magic mapping
 C - 3 scrolls of amnesia
 D - a scroll of recharging
Potions
 b - a potion of haste
 n - a potion of restore abilities
 o - 3 potions of magic
 v - 3 potions of agility
 E - a potion of lignification
 G - a potion of degeneration {unknown}


   Skills:
 + Level 12.7 Fighting
 + Level 14.0 Maces & Flails
   Level 0.7(1.7) Slings
 - Level 2.2(2.3) Throwing
 - Level 10.3 Armour
 - Level 6.0 Dodging
 - Level 1.0 Stealth
 - Level 0.3 Evocations


You had 10 spell levels left.
You didn't know any spells.

Dungeon Overview and Level Annotations

Branches:
Dungeon (10/15)            Temple (1/1) D:7            Lair (3/8) D:10
  Swamp: Lair:3-6    Shoals: Lair:3-6     Snake: Lair:3-6    Spider: Lair:3-6
    Orc: D:9-12

Altars:
Ashenzari
Gozag
Nemelex Xobeh
Okawaru
Qazlal
Sif Muna
Trog
Xom
Yredelemnul

Annotations:
Lair:3 Rupert


Innate Abilities, Weirdness & Mutations

You reflexively headbutt those who attack you in melee.
You have a pair of horns on your head.


Message History

Rupert hits you with a great mace of holy wrath!!!
* * * LOW HITPOINT WARNING * * *
The blink frog blinks!
The blink frog falters for a moment.
Rupert hits you with a great mace of holy wrath.
* * * LOW HITPOINT WARNING * * *
The blink frog blinks!
Rupert barely misses you.
You see here a robe.
The blink frog blinks!
Rupert hits you with a great mace of holy wrath!
* * * LOW HITPOINT WARNING * * *
The blink frog blinks!
The blink frog blinks!
You open the door.
A water moccasin comes into view.
The water moccasin hisses angrily.
Rupert closely misses you.
The blink frog blinks!
The blink frog blinks!
Found 14 gold pieces.
Rupert hits you with a great mace of holy wrath!
You die...

≈≈..........#.
≈≈≈..........#
≈≈≈≈...$.....#
≈≈≈.........#
≈≈.......S..#
............#
............# +## ##
#@#.# ..##.## ###@.#
......# #...##
...#..### ##..§##
........# #.F...#
.....[..#####F..[.#
.........#......F.##
...................#
.........#.###(.#§.#


You could see Rupert (berserk), 3 blink frogs and a water moccasin.

Vanquished Creatures
  A centaur zombie (D:10)
  Joseph (Lair:1)
  2 black mambas (Lair:1)
  4 spiny frogs
  A komodo dragon (Lair:2)
  A two-headed ogre (D:10)
  24 yaks
  A deep elf mage (D:10)
  4 wyverns
  3 wolves
  3 hippogriffs
  2 sky beasts
  4 water moccasins
  5 porcupines
  3 ice beasts
  5 ogres
  A phantom (D:6)
  A black bear (D:7)
  2 centaurs
  Sigmund (D:6)
  11 crocodiles
  6 giant frogs
  A gnoll sergeant (D:7)
  A big kobold (D:9)
  A scorpion (D:4)
  A water moccasin skeleton (D:8)
  A quasit (D:6)
  2 crimson imps
  A giant frog skeleton (D:8)
  2 jellies
  A centaur skeleton (D:7)
  7 hounds
  6 iguanas
  4 orc priests
  A gnoll shaman (D:4)
  4 orc wizards
  5 worker ants
  A mummy (D:9)
  8 adders
  10 gnolls
  A shadow imp (D:6)
  32 river rats
  2 worms (D:3)
  2 adder skeletons
  5 giant geckos
  29 orcs
  9 bats
  5 giant cockroaches
  9 hobgoblins
  7 jackals
  16 kobolds
  6 quokkas
  4 ball pythons
  A giant gecko skeleton (D:8)
  4 giant newts
  A giant spore (D:9)
  13 goblins
  A quokka skeleton (D:9)
  13 rats
  4 fungi
  3 plants
310 creatures vanquished.

Vanquished Creatures (others)
  A deep elf mage (D:7)
  3 giant spores
  2 ballistomycetes (D:8)
6 creatures vanquished.

Grand Total: 316 creatures vanquished

Notes
Turn   | Place    | Note
--------------------------------------------------------------
     0 | D:1      | Schwarzlicht, the Minotaur Berserker, began the quest for the Orb.
     0 | D:1      | Reached XP level 1. HP: 19/19 MP: 1/1
    83 | D:1      | Reached XP level 2. HP: 27/27 MP: 1/1
   132 | D:1      | Reached skill level 4 in Fighting
   449 | D:2      | Reached * piety under Trog
   449 | D:2      | Reached XP level 3. HP: 14/33 MP: 2/2
   856 | D:3      | Reached XP level 4. HP: 41/41 MP: 2/2
   970 | D:3      | Reached XP level 5. HP: 20/47 MP: 2/2
  1190 | D:3      | Found a bloodstained altar of Trog.
  1191 | D:3      | Found an opulent altar of Gozag.
  1362 | D:3      | Reached skill level 5 in Fighting
  1526 | D:4      | Noticed an ogre
  1532 | D:4      | Killed an ogre
  1532 | D:4      | Reached skill level 5 in Maces & Flails
  1532 | D:4      | Reached XP level 6. HP: 39/56 MP: 3/3
  2044 | D:4      | Found a deep blue altar of Sif Muna.
  2073 | D:4      | Reached skill level 6 in Fighting
  2581 | D:4      | Found a sparkling altar of Nemelex Xobeh.
  2582 | D:4      | Noticed a hippogriff
  2593 | D:4      | Killed a hippogriff
  2593 | D:4      | Reached XP level 7. HP: 37/64 MP: 3/3
  2950 | D:5      | Entered Level 5 of the Dungeon
  3006 | D:5      | Found a basalt altar of Yredelemnul.
  3042 | D:5      | Reached skill level 5 in Armour
  3465 | D:6      | Got a jewelled lajatang
  3570 | D:6      | Reached skill level 7 in Fighting
  3570 | D:6      | Reached XP level 8. HP: 21/73 MP: 3/3
  4030 | D:6      | Reached *** piety under Trog
  4243 | D:6      | Noticed Sigmund
  4278 | D:6      | Killed Sigmund
  4321 | D:6      | Upgraded the game from 0.16-a0-4048-g245e628 to 0.16-a0-4053-g5391420
  4424 | D:7      | Reached skill level 5 in Dodging
  4624 | D:7      | Reached skill level 8 in Maces & Flails
  4791 | D:7      | Reached XP level 9. HP: 76/81 MP: 4/4
  5118 | D:7      | Found a staircase to the Ecumenical Temple.
  5124 | Temple   | Entered the Ecumenical Temple
  5456 | D:8      | Reached skill level 9 in Maces & Flails
  5481 | D:8      | Reached skill level 1 in Throwing
  5828 | D:9      | Reached skill level 1 in Stealth
  6112 | D:9      | Found a shattered altar of Ashenzari.
  6411 | D:10     | Entered Level 10 of the Dungeon
  6668 | D:10     | Reached skill level 10 in Maces & Flails
  6668 | D:10     | Reached XP level 10. HP: 45/91 MP: 4/4
  6934 | D:10     | Reached skill level 10 in Fighting
  6934 | D:10     | Reached skill level 10 in Armour
  7095 | D:10     | Upgraded the game from 0.16-a0-4053-g5391420 to 0.16-a0-4060-g00983b4
  7099 | D:10     | Found a staircase to the Lair.
  7499 | Lair:1   | Entered Level 1 of the Lair of Beasts
  7499 | Lair:1   | Noticed a black mamba
  7531 | Lair:1   | Killed a black mamba
  7531 | Lair:1   | Reached skill level 11 in Maces & Flails
  8183 | Lair:1   | Noticed a black mamba
  8198 | Lair:1   | Killed a black mamba
  8447 | D:10     | Noticed a centaur zombie
  8456 | D:10     | Killed a centaur zombie
  8744 | Lair:1   | Reached skill level 12 in Maces & Flails
  8988 | Lair:1   | Noticed Joseph
  9003 | Lair:1   | Killed Joseph
  9283 | Lair:1   | Reached XP level 11. HP: 102/102 MP: 4/4
  9835 | Lair:2   | Received a gift from Trog
 10153 | Lair:2   | Reached skill level 13 in Maces & Flails
 10678 | Lair:1   | Upgraded the game from 0.16-a0-4060-g00983b4 to 0.17-a0-1481-gfdcec5c
 11613 | Lair:2   | Got a clouded platinum ring
 12009 | Lair:3   | Upgraded the game from 0.17-a0-1481-gfdcec5c to 0.18-a0-382-gd7addec
 12055 | Lair:3   | Reached skill level 14 in Maces & Flails
 12119 | Lair:3   | Noticed Rupert
 12141 | Lair:3   | Slain by Rupert

Vault maps used:
D:1:      minmay_arrival_five_plusses
D:2:      nicolae_overflow_hidden_temple, trog_three_pillars_becter
D:3:      gammafunk_temple_overflow_pools, minmay_snake_closets, uniq_terence
D:4:      lemuel_coloured_pillars_altar, nicolae_overflow_crystal_walls,
          first_bread, nrook_mini_vaults
D:5:      overflow_temple_1_default, overflow_temple_1_default, st_stairs_8
D:6:      kennysheep_little_box, st_stairs_11, uniq_sigmund
D:7:      minmay_temple_entry_fiery
D:8:      lemuel_doored_altar, serial_shops, nicolae_shop_trees
D:9:      kennysheep_mini, hiddenorc1_lemuel, serial_shops, nicolae_shop_stone
D:10:     minmay_lair_entry_grove
Temple:   jpeg_temple_clearing_9
Lair:1:   uniq_joseph
Lair:2:   infiniplex_staircase_pool_2
Lair:3:   nicolae_spider_entry_tight_spaces, grunt_megastairs_3,
          infiniplex_staircase_pool, uniq_rupert

Action                   |  1- 3 |  4- 6 |  7- 9 | 10-12 || total
-------------------------+-------+-------+-------+-------++-------
Melee: Mace              |    80 |     3 |       |       ||    83
       Morningstar       |       |   120 |   321 |   101 ||   542
       Great mace        |       |       |       |    98 ||    98
       Dire flail        |       |       |       |   186 ||   186
 Fire: Hunting sling     |       |       |       |     4 ||     4
Throw: Throwing net      |       |       |     1 |       ||     1
       Stone             |       |       |    22 |     4 ||    26
Invok: Berserk           |     1 |       |     1 |     2 ||     4
       Brothers in Arms  |       |       |       |     1 ||     1
       Burn Spellbooks   |       |       |       |     1 ||     1
Evoke: Wand              |       |       |       |     4 ||     4
  Use: Scroll            |       |     3 |     8 |     6 ||    17
       Potion            |       |     2 |     3 |     7 ||    12
  Eat: Fruit             |       |     2 |       |     4 ||     6
       Beef jerky        |       |     1 |     2 |       ||     3
       Bread ration      |       |     1 |     1 |     3 ||     5
       Chunk             |       |     1 |     2 |       ||     3
       Meat ration       |       |       |     1 |     1 ||     2
       Royal jelly       |       |       |       |     1 ||     1
